 Dungeon Crawl Stone Soup version 0.23-a0-899-gbbae0a3 (webtiles) character file.

Game seed: 9914655871867130471

84 bosm the Chucker (level 4, 0/35 HPs)
             Began as a Merfolk Hunter on Jan 29, 2019.
             Slain by a gnoll
             ... wielding a +0 whip
              (9 damage)
             ... on level 2 of the Dungeon.
             The game lasted 00:08:49 (2307 turns).

bosm the Chucker (Merfolk Hunter)                   Turns: 2307, Time: 00:08:50

Health: 0/35       AC:  3    Str: 13    XL:     4   Next: 46%
Magic:  4/4        EV: 12    Int: 10    God:
Gold:   88         SH:  0    Dex: 14    Spells: 3/3 levels left

rFire    . . .     SeeInvis .   w - +0 hunting sling
rCold    . . .     Gourm    .   (no shield)
rNeg     . . .     Faith    .   b - +0 leather armour
rPois    .         Spirit   .   (no helmet)
rElec    .         Reflect  .   (no cloak)
rCorr    .         Harm     .   (no gloves)
MR       .....                  (no boots)
Stlth    +.........             (no amulet)
HPRegen  0.11/turn              (no ring)
MPRegen  0.09/turn              (no ring)

@: no status effects
A: change form in water, swift swim, stealthy swim
a: no special abilities


You were on level 2 of the Dungeon.
You were not hungry.

You visited 1 branch of the dungeon, and saw 3 of its levels.

You collected 88 gold pieces.

Inventory:

Hand Weapons
 a - a +0 spear
 w - a +0 hunting sling (weapon)
Missiles
 n - 108 stones
 o - 22 sling bullets (quivered)
Armour
 b - a +0 leather armour (worn)
Scrolls
 e - a scroll of teleportation {unknown}
 h - 2 scrolls of identify {unknown}
 k - a scroll of fog {unknown}
 l - a scroll of amnesia {unknown}
 m - a scroll of remove curse {unknown}
Potions
 g - a potion of curing
 i - a potion of agility {unknown}
 j - a potion of haste {unknown}
Comestibles
 f - 7 rations
 p - 2 chunks of flesh


   Skills:
 + Level 3.2 Fighting
 + Level 1.9 Polearms
 * Level 5.1 Throwing
 - Level 2.6 Dodging
 - Level 1.1 Stealth


You had 3 spell levels left.
You didn't know any spells.
Your spell library was empty.

Dungeon Overview and Level Annotations

Branches:
Dungeon (3/15)

Altars:


Message History

The gnoll hits you from afar with a +0 halberd!
The gnoll hits you with a +0 whip! The gnoll closely misses you.
You climb upwards.
There is a stone staircase leading down, spattered with blood here.
Quiver which item? (- for none, * to show all) (? for menu, Esc to quit)
Quivering
o - 24 sling bullets for slings.
Firing (i - inventory. (/) - cycle)
o - 24 sling bullets (quivered)
Press: ? - help, Shift-Dir - straight line, f - gnoll
Aim: a gnoll, wielding a +0 whip (heavily wounded)
You shoot a sling bullet.
The sling bullet barely misses the gnoll.
The gnoll hits you with a +0 whip.
* * * LOW HITPOINT WARNING * * *
Firing (i - inventory. (/) - cycle)
o - 23 sling bullets (quivered)
Press: ? - help, Shift-Dir - straight line, f/p - gnoll
Aim: a gnoll, wielding a +0 whip (heavily wounded)
You shoot a sling bullet. The sling bullet hits the gnoll.
The gnoll is almost dead.
The gnoll hits you with a +0 whip!
You die...

..........##..##.# #.# #.#
#########.#......# #.# #.#
# #.#.#.##.# #.# #<# #
#.#.#..#.# #.# ### #
#.#.##.#.#####.#
#########'#.##.........###
.#...............#######.#
.+.........##...)#######.#
.#.[.......+...#@........#
.#.........#.#.#g#######.#
.#....................##.#
.#.........#.#.#.###.....#
.######......###.# #####.#
## ######## #.# #.# #####
#.# ### ....# #(#####
###.# #.....#


You could see a gnoll.

Vanquished Creatures
  2 gnolls
  2 adders
  2 worms
  A dart slug (D:1)
  An orc (D:2)
  4 bats
  3 hobgoblins
  2 jackals (D:1)
  2 quokkas
  2 ball pythons (D:1)
  A frilled lizard (D:2)
  7 goblins
  2 kobolds
  8 rats
39 creatures vanquished.

Vanquished Creatures (others)
  4 orcs (D:3)
4 creatures vanquished.

Grand Total: 43 creatures vanquished

Notes
Turn   | Place    | Note
-------+----------+-------------------------------------------
     0 | D:1      | bosm the Merfolk Hunter began the quest for the Orb.
     0 | D:1      | Reached XP level 1. HP: 16/16 MP: 1/1
     2 | D:1      | Noticed a vampire
     2 | D:1      | Noticed an ogre
     4 | D:1      | Noticed a vine stalker
     4 | D:1      | Noticed a demonspawn
     6 | D:1      | Noticed a dwarf
     8 | D:1      | Noticed a halfling
     8 | D:1      | Noticed a gargoyle
    10 | D:1      | Noticed a tengu
    10 | D:1      | Noticed a human
    12 | D:1      | Noticed a ghoul
    12 | D:1      | Noticed a felid
    14 | D:1      | Noticed a draconian
    14 | D:1      | Noticed a centaur
    16 | D:1      | Noticed a minotaur
    18 | D:1      | Noticed a merfolk
    20 | D:1      | Noticed a demigod
    20 | D:1      | Noticed a spriggan
    22 | D:1      | Noticed a naga
    22 | D:1      | Noticed an elf
    24 | D:1      | Noticed a troll
    26 | D:1      | Noticed a formicid
    26 | D:1      | Noticed an octopode
   254 | D:1      | Reached XP level 2. HP: 19/23 MP: 2/2
  1118 | D:2      | Reached XP level 3. HP: 28/28 MP: 3/3
  1384 | D:2      | Reached skill level 1 in Polearms
  1754 | D:2      | Reached XP level 4. HP: 6/35 MP: 4/4
  2066 | D:3      | Reached skill level 5 in Throwing
  2307 | D:2      | Slain by a gnoll

Vault maps used:
D:1:      kb_arrival_jail, minivault_27
D:2:      first_ration
D:3:      lemuel_flame_loot_1

Skill      XL: |  1  2  3  4 |
---------------+-------------+-----
Polearms       | 1 |  1.9
Fighting       | 3 |  3.2
Throwing       | 5 |  5.1
Dodging        | |  2.6
Stealth        | |  1.1

Action                   |  1- 3 |  4- 6 || total
-------------------------+-------+-------++-------
Melee: Short sword       |    36 |       ||    36
       Spear             |    17 |     4 ||    21
 Fire: Hunting sling     |    33 |    20 ||    53
Throw: Javelin           |    15 |     8 ||    23
       Stone             |    28 |       ||    28
       Throwing net      |       |     2 ||     2
  Use: Potion            |       |     1 ||     1
  Eat: Chunk             |     2 |       ||     2
       Ration            |       |     1 ||     1
Armor: Leather armour    |    19 |       ||    19
Dodge: Dodged            |    65 |    19 ||    84

Table legend:
 A = Non-vault XP
 B = Vault XP
 C = Vault XP percentage of total XP
 D = Non-vault monster count
 E = Vault monster count
 F = Vault count percentage of total count
                 A         B        C        D         E       F
            +---------+---------+-------+---------+---------+-------
      Total |     121 |       0 |   0.0 |      39 |       0 |   0.0
            +---------+---------+-------+---------+---------+-------
        D:1 |      29 |       0 |   0.0 |      17 |       0 |   0.0
        D:2 |      54 |       0 |   0.0 |      15 |       0 |   0.0
        D:3 |      38 |       0 |   0.0 |       7 |       0 |   0.0
            +---------+---------+-------+---------+---------+-------
